Map: World of Sleepers LE

Players

Mez

  • Race: Terran Terran
  • League: Master
  • Spawn Location: 7:00

KrauZ - Winner!

  • Race: Zerg Zerg
  • League: Diamond
  • Spawn Location: 1:00

VOD

Have the link to the VOD?

Description

Time

  • Played on: Aug. 29, 2019, 11:59 p.m.
  • Length: 18:54
Show
View Real Time Build Order
Export as new Build Order

Mez Terran 

Build Orders: Liberator Opening, Reaper Expand 

Get SALT Encoding   

  12  0:00  SCV  
  13  0:12  SCV  
  14  0:17  Supply Depot  
  14  0:25  SCV  
  15  0:38  SCV  
  15  0:40  Barracks  
  16  0:44  Refinery  
  16  0:50  SCV  
  17  1:02  SCV  
  18  1:16  SCV  
  19  1:28  Orbital Command, Reaper  
  20  1:41  Command Center  
  20  1:49  Supply Depot  
  20  1:55  SCV  
  20  1:59  Marine  
  22  2:07  SCV  
  23  2:12  Factory  
  23  2:16  Refinery  
  23  2:22  Barracks Reactor  
  23  2:23  SCV  
  24  2:38  SCV  
  25  2:50  SCV  
  26  2:54  Orbital Command  
  25  3:15  SCV  
  26  3:20  SCV  
  26  3:23  Starport  
  26  3:24  Supply Depot  
  27  3:27  Hellion x2  
  27  3:28  SCV  
  27  3:31  Barracks Tech Lab  
  27  3:32  SCV  
  33  3:40  SCV  
  34  3:44  Liberator, SCV  
  35  3:50  Hellion x2  
  35  3:51  Supply Depot  
  35  3:52  SCV  
  35  3:55  Marine  
  41  3:56  SCV  
  45  4:04  SCV  
  45  4:08  SCV  
  47  4:12  Hellion x2  
  47  4:16  SCV  
  52  4:18  Marine  
  53  4:27  Command Center  
  53  4:32  SCV x2  
  53  4:34  Supply Depot  
  55  4:43  Stimpack  
  55  4:44  SCV x2  
  57  4:47  Barracks  
  57  4:51  Starport Reactor, Barracks, Factory Reactor  
  57  4:59  SCV x2  
  59  5:03  Engineering Bay  
  59  5:04  Engineering Bay  
  59  5:05  Refinery  
  59  5:06  Refinery  
  59  5:09  Marine  
  59  5:12  Supply Depot  
  58  5:18  SCV x2  
  53  5:34  SCV x2  
  51  5:42  Supply Depot  
  51  5:46  SCV x2, Orbital Command  
  53  5:53  Marine  
  53  5:55  Marine x2  
  56  5:58  Factory Tech Lab, Terran Infantry Weapons Level 1  
  56  5:59  Marine  
  56  6:02  SCV  
  56  6:03  SCV  
  56  6:11  Marine, Terran Infantry Armor Level 1  
  56  6:13  Marine  
  58  6:20  Marine x2  
  58  6:21  Marine  
  58  6:22  Medivac  
  63  6:26  Medivac  
  63  6:29  Marine  
  63  6:31  Marine  
  67  6:36  Orbital Command  
  67  6:37  Supply Depot  
  67  6:39  SCV x2  
  68  6:41  Armory  
  68  6:42  Marine x2  
  70  6:51  SCV x2  
  72  6:56  Siege Tank  
  72  6:57  Marine x2  
  72  6:58  Marine  
  78  7:03  SCV x2  
  78  7:04  SCV  
  81  7:15  SCV x2  
  82  7:16  SCV  
  82  7:21  Supply Depot  
  84  7:23  Supply Depot  
  84  7:26  Marine x5  
  88  7:30  Barracks  
  88  7:31  Barracks  
  88  7:32  Terran Vehicle Weapons Level 1  
  88  7:36  SCV x3  
  91  7:43  Marine  
  91  7:44  Marine  
  93  7:48  SCV  
  93  7:50  SCV x2  
  87  8:03  Marine  
  87  8:04  Marine x4  
  92  8:06  Combat Shield  
  92  8:07  Terran Infantry Armor Level 2, Terran Infantry Weapons Level 2  
  92  8:09  SCV x2  
  92  8:10  Supply Depot  
  94  8:13  Supply Depot  
  94  8:17  SCV  
  95  8:21  Marine, SCV  
  90  8:27  Marine x3, Siege Tank  
  90  8:28  Barracks Reactor  
  90  8:29  Barracks Reactor  
  90  8:33  Medivac x2  
  93  8:49  Marine x5  
  93  8:51  SCV x2  
  93  8:55  Refinery  
  98  8:56  Supply Depot, Refinery  
  98  8:57  Command Center  
  98  8:58  Supply Depot  
  98  9:01  Siege Tank  
  101  9:02  Medivac  
  101  9:05  Supply Depot  
  101  9:07  Marine x4, Supply Depot  
  101  9:09  Factory  
  107  9:14  Marine x4  
  111  9:20  Marine  
  112  9:24  Supply Depot  
  112  9:25  Marine x2  
  112  9:26  Supply Depot  
  112  9:31  SCV x2  
  116  9:32  Marine x5  
  116  9:33  Siege Tank  
  116  9:36  Terran Vehicle Weapons Level 2  
  116  9:38  Marine x2  
  124  9:42  Marine x2  
  128  9:50  Marine x3  
  131  9:53  Barracks  
  131  9:55  Barracks  
  131  9:56  Barracks  
  123  10:12  Marine x3  
  123  10:13  Marine x6  
  129  10:14  Siege Tank  
  129  10:16  Factory Tech Lab  
  132  10:24  Terran Infantry Armor Level 3, Terran Infantry Weapons Level 3  
  132  10:36  Marine x7  
  132  10:37  Marine x2  
  132  10:40  Planetary Fortress  
  141  10:43  Barracks Tech Lab x3  
  141  10:55  Siege Tank x2  
  147  11:02  Marine x6, Marauder x2  
  147  11:03  Marine, Marauder  
  158  11:14  SCV x3  
  161  11:24  Marine x4, Marauder x2  
  161  11:25  Marine x5  
  173  11:26  SCV x3, Marauder  
  173  11:27  Concussive Shells  
  175  11:36  Liberator x2  
  175  11:38  SCV  
  170  11:47  Marine x2, Marauder x3  
  170  11:53  Siege Tank x2  
  188  12:06  Missile Turret x3  
  171  12:08  Missile Turret  
  171  12:13  Missile Turret x2  
  171  12:17  Marauder x2  
  171  12:18  Marine  
  176  12:25  Thor x2  
  167  12:46  SCV  
  167  12:47  SCV x2  
  157  12:59  SCV x2  
  157  13:01  Marine x2  
  157  13:02  Marine x10, Factory  
  175  13:08  Medivac  
  175  13:09  Medivac  
  175  13:11  SCV x3  
  176  13:19  Marine x5  
  178  13:21  Marine x6  
  178  13:23  SCV x2  
  178  13:24  SCV  
  181  13:33  Thor  
  184  13:35  SCV  
  184  13:37  SCV x2  
  184  13:38  Medivac  
  189  13:43  Unknown  
  189  13:45  Missile Turret  
  189  13:47  Missile Turret  
  189  13:53  Missile Turret  
  189  13:54  Missile Turret  
  181  13:55  Missile Turret  
  181  13:56  Supply Depot  
  181  14:07  Supply Depot x2, Factory Reactor  
  181  14:09  Drilling Claws  
  181  14:15  Supply Depot  
  181  14:16  Supply Depot, Missile Turret  
  181  14:17  Medivac x2  
  181  14:18  SCV x3  
  181  14:19  Missile Turret  
  188  14:28  Thor  
  194  14:32  Widow Mine  
  196  14:47  Medivac x2  
  182  15:08  Supply Depot  
  182  15:12  Marine x6  
  182  15:14  Thor x2  
  188  15:18  Marine  
  200  15:26  Starport  
  198  15:29  Starport  
  192  15:41  Terran Vehicle Weapons Level 3  
  192  15:43  Neosteel Armor, Hi-Sec Auto Tracking  
  192  15:48  Liberator x2  
  146  16:11  Starport Tech Lab  
  146  16:12  Starport Reactor  
  146  16:13  Fusion Core  
  146  16:16  Widow Mine x4  
  146  16:17  Marine x7, Marauder x4  
  146  16:18  Marine  
  170  16:22  Command Center  
  170  16:24  Command Center  
  170  16:35  Marine x2  
  170  16:37  Widow Mine  
  170  16:38  Marauder  
  171  16:40  Marauder  
  171  16:45  Marine  
  171  16:46  Marauder  
  114  16:55  Orbital Command  
  114  16:57  Marine x7, Marauder  
  114  17:00  Marauder  
  113  17:01  Marauder  
  113  17:03  Marine  
  113  17:07  Marauder  
  87  17:15  Marine  
  86  17:19  Marauder  
  85  17:27  SCV x3  
  85  17:28  Liberator  
  88  17:39  SCV x3  
  74  18:08  Marine x2, Marauder  
  74  18:09  Marauder x2  
Show
View Real Time Build Order
Export as new Build Order

KrauZ Zerg - Winner!

Build Orders: Hatch First 

Get SALT Encoding   

  12  0:01  Drone  
  13  0:13  Overlord  
  13  0:17  Drone  
  14  0:31  Drone x2  
  16  0:50  Hatchery  
  16  0:53  Drone  
  16  0:56  Drone  
  17  1:00  Drone  
  18  1:10  Extractor  
  17  1:15  Spawning Pool  
  17  1:18  Drone  
  17  1:21  Drone  
  18  1:28  Drone  
  19  1:40  Drone  
  20  1:51  Overlord  
  20  2:02  Queen x2  
  20  2:03  Zergling x4  
  26  2:12  Drone x2  
  28  2:24  Drone x2  
  30  2:35  Drone  
  30  2:37  Pneumatized Carapace  
  30  2:43  Queen  
  32  2:45  Metabolic Boost  
  32  2:46  Drone  
  32  2:49  Zergling x2  
  32  2:50  Drone  
  35  3:03  Extractor  
  35  3:15  Drone, Hatchery  
  35  3:16  Drone  
  36  3:22  Overlord  
  36  3:24  Overlord  
  36  3:40  Queen  
  38  3:42  Drone x6  
  44  3:50  Zergling x2  
  44  3:54  Zergling x4  
  47  3:58  Drone x2  
  47  4:00  Extractor  
  47  4:02  Zergling x6  
  50  4:10  Zergling x2  
  50  4:13  Overlord x2  
  51  4:26  Queen  
  51  4:27  Zergling x2  
  51  4:28  Zergling x2  
  55  4:31  Overlord  
  55  4:32  Overlord  
  55  4:34  Queen, Drone x3  
  55  4:37  Drone  
  61  4:41  Lair  
  61  4:43  Drone x2  
  63  4:46  Baneling Nest  
  62  4:59  Extractor, Drone x6  
  62  5:15  Zergling x10  
  66  5:25  Drone x3  
  63  5:35  Drone  
  63  5:36  Spore Crawler, Drone x5  
  63  5:40  Evolution Chamber  
  63  5:41  Evolution Chamber  
  64  5:55  Spore Crawler  
  64  5:56  Drone  
  62  5:57  Hatchery  
  62  5:58  Drone x4  
  62  5:59  Centrifical Hooks  
  62  6:00  Zergling x4  
  67  6:05  Drone x3  
  70  6:15  Drone  
  70  6:16  Drone x2  
  73  6:24  Drone x2  
  75  6:31  Zerg Ground Armor Level 1, Zerg Melee Weapons Level 1  
  75  6:36  Overlord  
  75  6:37  Overlord  
  75  6:41  Drone  
  75  6:42  Spore Crawler  
  75  6:43  Extractor x2  
  75  6:46  Zergling x22  
  82  6:57  Extractor, Drone x2  
  82  6:58  Spire  
  82  6:59  Drone x3  
  85  7:05  Baneling x3  
  85  7:06  Zergling x6, Baneling x5  
  88  7:08  Drone x2  
  88  7:10  Drone  
  91  7:18  Overlord x2  
  91  7:21  Drone x3  
  94  7:38  Zergling x16  
  94  7:40  Baneling x12  
  94  7:41  Baneling x3  
  101  7:49  Zergling x18  
  109  8:06  Queen, Drone  
  109  8:07  Drone x9  
  119  8:21  Zergling x2  
  119  8:22  Zergling x16  
  125  8:28  Zerg Melee Weapons Level 2, Zerg Ground Armor Level 2  
  125  8:31  Queen  
  125  8:33  Drone x2  
  128  8:35  Extractor x2  
  126  8:46  Zergling x8  
  126  8:47  Overlord x2  
  126  8:48  Overlord x2  
  125  8:51  Infestation Pit  
  125  8:54  Baneling x8  
  124  8:56  Overlord x2  
  124  8:58  Zerg Flyer Weapons Level 1  
  124  9:07  Baneling x9  
  124  9:09  Zergling x18  
  133  9:13  Drone  
  133  9:14  Drone x2  
  136  9:25  Spore Crawler, Zergling x2  
  136  9:26  Zergling x12  
  136  9:31  Baneling x4  
  142  9:38  Baneling x8  
  141  9:39  Zergling x20  
  141  9:44  Overlord x2  
  151  9:56  Zergling x10  
  138  10:00  Zergling x10  
  138  10:02  Zergling x2  
  138  10:03  Zergling x12  
  145  10:14  Zergling x2  
  145  10:15  Zergling x14  
  153  10:24  Drone x5  
  153  10:28  Baneling x3  
  158  10:45  Hive  
  158  10:47  Mutalisk x9  
  158  10:48  Mutalisk  
  178  10:50  Overlord  
  178  10:51  Hatchery  
  178  10:55  Unknown  
  175  11:10  Drone x3  
  175  11:11  Drone  
  179  11:12  Drone  
  179  11:13  Mutalisk x6  
  179  11:15  Overlord x3  
  183  11:37  Zergling x2  
  183  11:38  Mutalisk x2, Zergling x6  
  183  11:39  Mutalisk x4  
  198  11:45  Zerg Flyer Weapons Level 2  
  195  11:54  Zergling x6  
  195  11:55  Zergling x2  
  195  11:56  Baneling  
  195  11:57  Baneling x9  
  199  12:05  Zerg Melee Weapons Level 3  
  199  12:06  Zerg Ground Armor Level 3  
  199  12:07  Ultralisk Cavern  
  194  12:14  Overlord x3  
  194  12:20  Overlord, Drone x5  
  194  12:21  Overlord  
  195  12:34  Drone  
  195  12:35  Drone x4  
  199  12:39  Mutalisk x3  
  186  13:22  Zergling x42  
  186  13:26  Drone  
  186  13:27  Drone x2  
  193  13:51  Hatchery  
  172  13:57  Ultralisk  
  172  13:58  Ultralisk x4  
  172  14:00  Hatchery  
  172  14:01  Anabolic Synthesis  
  191  14:12  Ultralisk  
  197  14:22  Baneling x4  
  197  14:26  Greater Spire  
  197  14:43  Chitinous Plating  
  197  14:55  Hatchery  
  190  15:09  Zergling x2  
  190  15:10  Zergling x22  
  190  15:13  Pathogen Glands  
  192  15:21  Overlord x2  
  192  15:25  Ultralisk x3  
  186  15:36  Overlord x2  
  185  15:46  Zergling x2  
  185  15:47  Zergling x22  
  194  15:56  Zergling x2  
  175  15:57  Zergling x38  
  175  16:02  Zergling x16  
  176  16:05  Zergling x26  
  176  16:07  Hatchery  
  176  16:11  Viper x4  
  187  16:14  Overlord x2  
  187  16:17  Baneling x6  
  187  16:18  Baneling x7  
  199  16:25  Baneling  
  199  16:26  Baneling x11  
  199  16:31  Zerg Flyer Armor Level 1, Zerg Missile Weapons Level 1  
  174  16:45  Ultralisk x3  
  174  16:46  Ultralisk, Extractor  
  177  16:47  Zergling x4  
  177  16:49  Extractor  
  173  16:56  Zergling x16  
  173  16:57  Zergling x2  
  153  17:12  Zergling x2  
  153  17:13  Zergling x32  
  153  17:15  Baneling x4  
  169  17:19  Drone x4  
  173  17:27  Zergling x12  
  173  17:28  Zergling x6  
  182  17:31  Baneling x2  
  182  17:36  Baneling  
  181  17:37  Baneling x14  
  181  17:50  Baneling  
  162  18:05  Zergling x40  
  171  18:06  Zergling x6  
  157  18:25  Zergling x2  
  157  18:26  Zergling x22  
  154  18:34  Zergling x2  
  154  18:35  Zergling x14  
  154  18:38  Baneling  
  154  18:39  Baneling x21  
Tags
 
Add a new tag
Caveats
  • Supply blocks, unpowered buildings, or Contaminate may cause inaccurate times.
  • Supply counts are checked every 10 seconds.